 Dungeon Crawl Stone Soup version 0.27-a0-1191-g601b473 (webtiles) character file.

Game seed: 2240997635288730256

19 Dorkslayer the Skirmisher (level 2, -1/24 HPs)
             Began as a Demonspawn Abyssal Knight on May 24, 2021.
             Was a Follower of Lugonu.
             Slain by Terence
             ... wielding a +0 hand axe
              (3 damage)
             ... on level 2 of the Dungeon.
             The game lasted 00:03:55 (963 turns).

Dorkslayer the Skirmisher (DsAK)                     Turns: 963, Time: 00:03:56

Health: -1/24      AC:  4    Str: 12    XL:     2   Next: 55%
Magic:  3/3        EV: 11    Int: 13    God:    Lugonu [*.....]
Gold:   64         SH:  0    Dex: 12    Spells: 1/1 levels left

rFire    . . .     SeeInvis .   a - +1 falchion
rCold    . . .     Faith    .   (no shield)
rNeg     . . .     Spirit   .   b - +0 leather armour
rPois    .         Reflect  .   f - +1 hat
rElec    .         Harm     .   (no cloak)
rCorr    .         Rampage  .   (no gloves)
Will     .....                  (no boots)
Stlth    +.........             (no amulet)
HPRegen  0.08/turn              (no ring)
MPRegen  0.08/turn              (no ring)

@: no status effects
A: talons 1
a: Renounce Religion, Depart the Abyss


You were on level 2 of the Dungeon.
You worshipped Lugonu.
Lugonu was aware of your devotion.
You visited 1 branch of the dungeon, and saw 2 of its levels.
You visited the Abyss 1 time.

You collected 64 gold pieces.

Inventory:

Hand Weapons
 a - a +1 falchion (weapon)
Missiles
 j - a throwing net (quivered)
Armour
 b - a +0 leather armour (worn)
 f - a +1 hat (worn)
Scrolls
 h - a scroll of noise {unknown}
 k - a scroll of enchant weapon {unknown}
Potions
 d - a potion of resistance
 e - a potion of berserk rage
 i - a potion of mutation {unknown}


   Skills:
 + Level 3.4 Fighting
 + Level 2.2 Long Blades
 + Level 1.7 Armour
 + Level 0.8 Dodging
 * Level 0.4 Spellcasting
 + Level 2.6 Invocations


You had one spell level left.
You didn't know any spells.
Your spell library was empty.

Dungeon Overview and Level Annotations

Branches:
Dungeon (2/15)

Altars:

Shops:
D:1 =

Annotations:
D:2 Terence


Innate Abilities, Weirdness & Mutations

You have sharp toenails.


Message History

Terence is moderately wounded.
Terence hits you with a +0 hand axe.
You hit Terence. You claw Terence, but do no damage.
Terence is moderately wounded.
Terence closely misses you.
You hit Terence but do no damage.
Terence is moderately wounded.
Terence barely misses you.
You riposte.
You hit Terence but do no damage.
Terence is moderately wounded.
You hit Terence. You claw Terence, but do no damage.
Terence is heavily wounded.
Terence says, "Don't bother to defend, it's useless."
Terence barely misses you.
You hit Terence but do no damage. You claw Terence, but do no damage.
Terence is heavily wounded.
Terence closely misses you.
You riposte.
You hit Terence but do no damage. Your kick misses Terence.
Terence is heavily wounded.
Terence hits you but does no damage.
You hit Terence.
Terence is heavily wounded.
Terence hits you with a +0 hand axe.
You hit Terence. You claw Terence, but do no damage.
Terence is heavily wounded.
Terence hits you with a +0 hand axe.
* * * LOW HITPOINT WARNING * * *
You barely miss Terence.
Terence is heavily wounded.
Terence hits you with a +0 hand axe.
* * * LOW HITPOINT WARNING * * *
It was a potion of curing.
You feel better. Terence hits you with a +0 hand axe!
You barely miss Terence.
Terence is heavily wounded.
Terence hits you with a +0 hand axe.
* * * LOW HITPOINT WARNING * * *
You hit Terence. You claw Terence, but do no damage.
Terence is almost dead.
Terence hits you with a +0 hand axe.
You die...

#### .#
#...##.###
.#...... ##
.⌠....##
..#......##
........#
#.###@....#
#.....@..###
#####......#
###.#.##
#$## .# #.#
# ## #


You could see Terence.

Vanquished Creatures
  2 ball pythons (D:1)
  5 bats
  2 giant cockroaches (D:1)
  A goblin (D:1)
  A hobgoblin (D:1)
  3 kobolds (D:1)
  A frilled lizard (D:1)
  2 rats (D:1)
17 creatures vanquished.

Notes
Turn   | Place    | Note
-------+----------+-------------------------------------------
     0 | Abyss:1  | Dorkslayer the Demonspawn Abyssal Knight began the quest
                  | for the Orb.
     0 | Abyss:1  | Reached XP level 1. HP: 18/18 MP: 2/2
    55 | Abyss:1  | Noticed a smoke demon
    56 | D:1      | Escaped the Abyss
   420 | D:1      | Gained mutation: You have sharp toenails. [demonic
                  | ancestry]
   420 | D:1      | Reached XP level 2. HP: 24/24 MP: 3/3
   457 | D:1      | Reached * piety under Lugonu
   569 | D:1      | Found Deyg's Jewellery Emporium.
   946 | D:2      | Noticed Terence
   963 | D:2      | Slain by Terence

Illustrated notes

Levels and vault maps discovered:
D:1:      minmay_arrival_semitransparent, layout_basic, serial_shops,
          nicolae_shop_crystal
D:2:      layout_loops_cross, hangedman_feature_mirror, dk_noncrumbling_4,
          chequers_hall_statues_corner_a, roderic_lattice_a,
          grunt_decor_arrowhead, columned_hall_lemuel, uniq_crazy_yiuf_cottage,
          uniq_terence

Skill      XL: |  1 |
---------------+----+-----
Long Blades    | 2 |  2.2
Fighting       | |  3.4
Armour         | |  1.7
Dodging        | |  0.8
Spellcasting   | |  0.4
Invocations    | |  2.6

Action                   || total
-------------------------++-------
Melee: Falchion          ||    48
       Kick              ||     6
Invok: Depart the Abyss  ||     1
  Use: Scroll            ||     2
       Potion            ||     1
Armor: Leather armour    ||    15
Dodge: Dodged            ||    36
       Rpst.: Falchion   ||    13

Table legend: (Time is in decaauts)
 A = Elapsed time spent in this place.
 B = Non-inter-level travel time spent in this place.
 C = Inter-level travel time spent in this place.
 D = Time resting spent in this place.
 E = Time spent auto-exploring this place.
 F = Levels seen in this place.
 G = Mean time per level.
                   A        B        C        D        E       F      G
               +--------+--------+--------+--------+--------+-----+--------+
         Total |    971 |    971 |      0 |      0 |    248 |   3 |  323.7 |
       Dungeon |    915 |    915 |      0 |      0 |    248 |   2 |  457.5 |
         Abyss |     56 |     56 |      0 |      0 |      0 |   1 |   56.0 |
               +--------+--------+--------+--------+--------+-----+--------+

Top non-repeatable levels by time:
     D:1: 858 daAuts
     D:2: 57 daAuts
 Abyss:1: 56 daAuts
